[ AOE2 MATCH · #459979710 ]
UnrankedByzantines vs Incas
[ REPLAY ANALYSIS · EXTRACTED FROM THE RECORDED GAME ]
Feudal
12:52
Castle
17:48
Imperial
32:12
| APM avg | 50.3 |
| APM peak | 102 |
| eAPM avg | 31.6 |
| Villagers / military | 166 / 116 |
Focus
⚔️ 23.3% · 🌾 76.7%
Camel Scout ×111 · Fishing Ship ×6 · Trebuchet (Packed) ×5 · Unknown (2626) ×2
Feudal
12:43
Castle
32:16
Imperial
—
| APM avg | 27.3 |
| APM peak | 50 |
| eAPM avg | 15.1 |
| Villagers / military | 93 / 30 |
Focus
⚔️ 37.3% · 🌾 62.7%
Fishing Ship ×40 · Unknown (2550) ×40 · Spearman ×21 · Unknown (2626) ×13 · Demolition Raft ×9
Feudal
13:37
Castle
18:02
Imperial
—
| APM avg | 51.1 |
| APM peak | 81 |
| eAPM avg | 26.3 |
| Villagers / military | 82 / 79 |
Focus
⚔️ 23.2% · 🌾 76.8%
Woad Raider ×34 · Battering Ram ×21 · Spearman ×20 · Fishing Ship ×5 · Mangonel ×4
Feudal
13:50
Castle
19:02
Imperial
36:37
| APM avg | 42.9 |
| APM peak | 81 |
| eAPM avg | 20.6 |
| Villagers / military | 81 / 8 |
Focus
⚔️ 9.5% · 🌾 90.5%
Organ Gun ×5 · Fishing Ship ×4 · Mangonel ×3 · Unknown (2626) ×1
Feudal
12:42
Castle
16:39
Imperial
36:49
| APM avg | 41.4 |
| APM peak | 71 |
| eAPM avg | 18.2 |
| Villagers / military | 118 / 86 |
Focus
⚔️ 30.1% · 🌾 69.9%
Plumed Archer ×83 · Fishing Ship ×8 · Unknown (2626) ×5 · Trebuchet (Packed) ×3
Feudal
12:24
Castle
16:19
Imperial
39:51
| APM avg | 47.9 |
| APM peak | 94 |
| eAPM avg | 27.0 |
| Villagers / military | 81 / 101 |
Focus
⚔️ 31.3% · 🌾 68.7%
Knight ×78 · Fishing Ship ×29 · Obuch ×11 · Galley ×7 · Unknown (2626) ×6 · Fire Galley ×5
Feudal
12:38
Castle
17:07
Imperial
38:50
| APM avg | 35.4 |
| APM peak | 57 |
| eAPM avg | 19.2 |
| Villagers / military | 119 / 63 |
Focus
⚔️ 34.8% · 🌾 65.2%
Steppe Lancer ×41 · Fire Galley ×11 · Fishing Ship ×9 · Unknown (2626) ×6 · Demolition Raft ×6 · Unknown (1908) ×5
Feudal
12:48
Castle
20:53
Imperial
37:32
| APM avg | 32.2 |
| APM peak | 83 |
| eAPM avg | 15.0 |
| Villagers / military | 125 / 108 |
Focus
⚔️ 24.1% · 🌾 75.9%
Mameluke ×97 · Fishing Ship ×31 · Galley ×6 · Demolition Raft ×5
Match map
Initial resources + every placement click. Lines = walls · curves = elevation contours. ◆ gold · ⬟ stone · ● berries · ✦ relic · ◌ wall gap
Your base· Open — 6t gap
onon02122's base· Open — 5t gap
81 Nguyễn Ngọc Hà 1997's base· Open — unwalled flank
Dark Horse's base· Open — unwalled flank
Quàng Thượng's base· Open — 8t gap
Alesia's base· Open — 6t gap
khungbo's base· Open — unwalled flank
SirBro's base· Open — 11t gap
Smoothed initial terrain · ◌ = detected wall gap · hover for details
Inputs per minute
— KhongPhaiMica - - onon02122
Build order — KhongPhaiMica
First 150 of 511 actions detected
| 0:03 | Build | Town Center |
| 0:33 | Build | Dock |
| 1:00 | Build | House |
| 2:47 | Create | Villager (Male) |
| 2:47 | Create | Villager (Male) |
| 2:47 | Create | Villager (Male) |
| 2:47 | Create | Villager (Male) |
| 3:35 | Create | Villager (Male) |
| 3:35 | Create | Villager (Male) |
| 4:06 | Create | Fishing Ship |
| 4:06 | Create | Fishing Ship |
| 4:46 | Create | Villager (Male) |
| 4:46 | Create | Villager (Male) |
| 5:04 | Build | House |
| 5:11 | Research | Loom |
| 5:11 | Research | Loom |
| 5:22 | Create | Villager (Male) |
| 5:38 | Create | Fishing Ship |
| 5:42 | Create | Villager (Male) |
| 5:42 | Create | Villager (Male) |
| 6:01 | Build | House |
| 6:18 | Create | Villager (Male) |
| 6:19 | Create | Villager (Male) |
| 6:23 | Create | Villager (Male) |
| 6:23 | Create | Villager (Male) |
| 6:51 | Create | Villager (Male) |
| 6:51 | Create | Villager (Male) |
| 7:03 | Create | Villager (Male) |
| 7:05 | Create | Fishing Ship |
| 7:10 | Build | House |
| 7:40 | Create | Villager (Male) |
| 7:51 | Create | Fishing Ship |
| 8:30 | Create | Villager (Male) |
| 8:39 | Create | Villager (Male) |
| 8:40 | Create | Fishing Ship |
| 8:45 | Build | House |
| 8:57 | Create | Villager (Male) |
| 9:49 | Create | Villager (Male) |
| 9:59 | Build | Mill |
| 10:11 | Create | Villager (Male) |
| 10:35 | Research | Feudal Age |
| 10:35 | Research | Feudal Age |
| 10:54 | Build | Mining Camp |
| 11:20 | Build | House |
| 11:28 | Build | Palisade Wall |
| 11:29 | Build | Palisade Wall |
| 11:53 | Build | Palisade Wall |
| 12:25 | Create | Villager (Male) |
| 12:25 | Create | Villager (Male) |
| 12:49 | Build | Palisade Wall |
| 12:52 | Age | Feudal Age |
| 12:58 | Build | Market |
| 13:03 | Build | Blacksmith |
| 13:25 | Build | Palisade Gate |
| 13:48 | Create | Villager (Male) |
| 14:08 | Build | Palisade Wall |
| 14:28 | Create | Villager (Male) |
| 14:30 | Build | House |
| 15:03 | Build | Palisade Wall |
| 15:08 | Research | Castle Age |
| 15:08 | Research | Castle Age |
| 15:30 | Build | Palisade Wall |
| 15:31 | Build | Palisade Wall |
| 15:33 | Build | Palisade Wall |
| 15:35 | Build | Palisade Wall |
| 15:53 | Research | Horse Collar |
| 16:29 | Build | Farm |
| 16:30 | Build | Farm |
| 16:37 | Build | Farm |
| 16:43 | Build | Farm |
| 16:52 | Build | House |
| 17:26 | Create | Villager (Male) |
| 17:31 | Build | Lumber Camp |
| 17:45 | Create | Villager (Male) |
| 17:48 | Age | Castle Age |
| 18:04 | Build | Town Center |
| 18:21 | Research | Double-Bit Axe |
| 18:21 | Research | Double-Bit Axe |
| 18:35 | Create | Villager (Male) |
| 18:58 | Create | Villager (Male) |
| 19:12 | Research | Bow Saw |
| 19:14 | Research | Heavy Plow |
| 19:16 | Create | Villager (Male) |
| 19:44 | Create | Villager (Male) |
| 20:05 | Build | Farm |
| 20:06 | Build | Farm |
| 20:08 | Create | Villager (Male) |
| 20:09 | Build | Farm |
| 20:12 | Create | Villager (Male) |
| 20:12 | Create | Villager (Male) |
| 20:34 | Create | Villager (Male) |
| 20:36 | Create | Villager (Male) |
| 21:09 | Create | Unit 2626 |
| 21:31 | Build | House |
| 21:33 | Create | Villager (Male) |
| 21:34 | Create | Villager (Male) |
| 21:34 | Create | Villager (Male) |
| 21:35 | Create | Villager (Male) |
| 21:46 | Build | Town Center |
| 21:56 | Create | Unit 2626 |
| 22:07 | Create | Villager (Male) |
| 22:08 | Create | Villager (Male) |
| 22:10 | Build | Farm |
| 22:11 | Build | Farm |
| 22:13 | Create | Villager (Male) |
| 22:15 | Build | Farm |
| 22:16 | Build | Farm |
| 22:17 | Build | Farm |
| 22:21 | Build | Farm |
| 22:24 | Create | Villager (Male) |
| 22:28 | Create | Villager (Male) |
| 22:42 | Create | Villager (Male) |
| 22:44 | Create | Villager (Male) |
| 22:49 | Create | Villager (Male) |
| 22:50 | Create | Villager (Male) |
| 22:57 | Create | Villager (Male) |
| 23:02 | Create | Villager (Male) |
| 23:15 | Build | Town Center |
| 23:19 | Create | Villager (Male) |
| 23:22 | Build | Town Center |
| 23:28 | Build | Town Center |
| 23:29 | Create | Villager (Male) |
| 23:32 | Build | House |
| 23:32 | Build | House |
| 23:35 | Create | Villager (Male) |
| 23:39 | Build | House |
| 23:40 | Build | House |
| 23:41 | Create | Villager (Male) |
| 23:44 | Create | Villager (Male) |
| 23:47 | Build | Farm |
| 23:48 | Build | Farm |
| 23:49 | Build | Farm |
| 24:14 | Research | Wheelbarrow |
| 24:14 | Research | Wheelbarrow |
| 24:15 | Create | Villager (Male) |
| 24:18 | Build | House |
| 24:18 | Build | House |
| 24:19 | Create | Villager (Male) |
| 24:31 | Create | Villager (Male) |
| 24:42 | Create | Villager (Male) |
| 24:46 | Build | House |
| 24:46 | Build | House |
| 24:49 | Create | Villager (Male) |
| 24:52 | Build | Farm |
| 24:55 | Build | House |
| 24:57 | Create | Villager (Male) |
| 25:01 | Create | Villager (Male) |
| 25:01 | Create | Villager (Male) |
| 25:09 | Build | Farm |
| 25:09 | Build | Farm |
Build order — onon02122
First 150 of 260 actions detected
| 0:12 | Build | Town Center |
| 1:30 | Build | House |
| 1:34 | Build | Dock |
| 2:31 | Create | Villager (Male) |
| 2:31 | Create | Villager (Male) |
| 2:31 | Create | Villager (Male) |
| 2:40 | Create | Villager (Male) |
| 3:18 | Build | House |
| 4:05 | Create | Fishing Ship |
| 4:11 | Research | Loom |
| 4:32 | Create | Villager (Male) |
| 4:32 | Create | Villager (Male) |
| 5:30 | Create | Fishing Ship |
| 5:38 | Create | Villager (Male) |
| 6:03 | Create | Villager (Male) |
| 6:23 | Create | Villager (Male) |
| 6:30 | Create | Fishing Ship |
| 6:53 | Create | Villager (Male) |
| 7:07 | Create | Villager (Male) |
| 7:36 | Create | Villager (Male) |
| 7:52 | Create | Fishing Ship |
| 7:53 | Create | Villager (Male) |
| 8:02 | Create | Villager (Male) |
| 8:23 | Create | Villager (Male) |
| 8:43 | Create | Fishing Ship |
| 9:02 | Create | Villager (Male) |
| 9:31 | Build | Settlement |
| 9:34 | Create | Villager (Male) |
| 10:33 | Research | Feudal Age |
| 11:40 | Build | Barracks |
| 12:12 | Build | Settlement |
| 12:14 | Create | Villager (Male) |
| 12:15 | Create | Villager (Male) |
| 12:16 | Create | Unit 2550 |
| 12:17 | Create | Unit 2550 |
| 12:17 | Create | Unit 2550 |
| 12:34 | Create | Villager (Male) |
| 12:43 | Age | Feudal Age |
| 13:02 | Create | Villager (Male) |
| 13:45 | Create | Spearman |
| 14:03 | Create | Unit 2550 |
| 14:21 | Build | Watch Tower |
| 14:24 | Create | Villager (Male) |
| 14:24 | Create | Villager (Male) |
| 14:38 | Build | Outpost |
| 14:59 | Create | Villager (Male) |
| 15:15 | Create | Unit 2550 |
| 15:16 | Create | Villager (Male) |
| 15:20 | Create | Villager (Male) |
| 15:25 | Build | Settlement |
| 15:32 | Create | Demolition Raft |
| 15:41 | Build | Dock |
| 15:52 | Create | Unit 2626 |
| 15:53 | Create | Villager (Male) |
| 16:12 | Create | Villager (Male) |
| 16:38 | Create | Villager (Male) |
| 17:05 | Create | Unit 2626 |
| 17:05 | Create | Unit 2626 |
| 17:07 | Create | Villager (Male) |
| 17:07 | Create | Villager (Male) |
| 18:50 | Research | Wheelbarrow |
| 19:40 | Build | Settlement |
| 19:57 | Create | Unit 2626 ×5 |
| 19:58 | Create | Unit 2626 ×5 |
| 21:51 | Build | Town Center |
| 22:28 | Research | Tech 906 |
| 23:42 | Build | Settlement |
| 24:09 | Create | Villager (Male) |
| 24:09 | Create | Villager (Male) |
| 24:21 | Create | Villager (Male) |
| 24:21 | Create | Villager (Male) |
| 24:31 | Create | Villager (Male) |
| 24:40 | Build | Dock |
| 25:00 | Create | Fishing Ship |
| 25:00 | Create | Fishing Ship |
| 25:06 | Create | Villager (Male) |
| 25:35 | Create | Fishing Ship |
| 25:35 | Create | Fishing Ship |
| 25:45 | Build | House |
| 26:12 | Create | Villager (Male) |
| 26:26 | Build | House |
| 26:30 | Build | House |
| 26:31 | Build | House |
| 26:31 | Create | Villager (Male) |
| 26:38 | Research | Double-Bit Axe |
| 26:43 | Create | Fishing Ship |
| 26:58 | Create | Villager (Male) |
| 27:08 | Build | House |
| 27:22 | Create | Demolition Raft |
| 27:22 | Create | Demolition Raft |
| 27:40 | Create | Fishing Ship |
| 27:40 | Create | Fishing Ship |
| 27:56 | Create | Villager (Male) |
| 27:56 | Create | Villager (Male) |
| 28:14 | Build | Market |
| 28:18 | Create | Villager (Male) |
| 28:37 | Create | Villager (Male) |
| 28:44 | Build | Blacksmith |
| 28:48 | Create | Fishing Ship |
| 28:49 | Create | Fishing Ship |
| 28:55 | Create | Demolition Raft |
| 29:18 | Research | Gold Mining |
| 29:23 | Research | Castle Age |
| 29:46 | Create | Fishing Ship |
| 29:46 | Create | Fishing Ship |
| 29:47 | Create | Fishing Ship |
| 29:47 | Create | Fishing Ship |
| 29:47 | Create | Fishing Ship |
| 30:15 | Build | Barracks |
| 30:23 | Build | House |
| 30:26 | Build | House |
| 30:29 | Build | House |
| 30:32 | Create | Villager (Male) |
| 30:34 | Create | Fishing Ship |
| 30:34 | Create | Fishing Ship |
| 30:51 | Research | Town Watch |
| 31:03 | Create | Villager (Male) |
| 31:03 | Create | Villager (Male) |
| 31:08 | Create | Fishing Ship |
| 31:08 | Create | Fishing Ship |
| 31:33 | Research | Scale Mail Armor |
| 31:33 | Research | Forging |
| 31:36 | Research | Tech 1402 |
| 31:36 | Create | Unit 2550 |
| 31:37 | Create | Unit 2550 |
| 31:45 | Build | Settlement |
| 31:49 | Create | Fishing Ship |
| 31:49 | Create | Fishing Ship |
| 31:49 | Create | Fishing Ship |
| 31:49 | Create | Fishing Ship |
| 32:08 | Create | Unit 2550 |
| 32:08 | Create | Unit 2550 |
| 32:15 | Create | Demolition Raft |
| 32:16 | Age | Castle Age |
| 32:28 | Create | Villager (Male) |
| 32:38 | Create | Fishing Ship |
| 32:38 | Create | Fishing Ship |
| 32:40 | Research | Gillnets |
| 32:43 | Create | Spearman |
| 32:45 | Create | Unit 2550 |
| 33:37 | Create | Villager (Male) |
| 34:00 | Build | Outpost |
| 34:01 | Create | Villager (Male) |
| 34:01 | Create | Villager (Male) |
| 34:06 | Build | Town Center |
| 34:10 | Create | Villager (Male) |
| 34:10 | Create | Villager (Male) |
| 34:11 | Create | Villager (Male) |
| 34:14 | Create | Fishing Ship |
| 34:14 | Create | Fishing Ship |
Build order — 81 Nguyễn Ngọc Hà 1997
First 150 of 311 actions detected
| 0:55 | Build | Town Center |
| 1:41 | Build | Palisade Wall |
| 1:42 | Build | Palisade Wall |
| 1:43 | Build | Palisade Wall |
| 1:49 | Build | Palisade Wall |
| 1:50 | Build | Palisade Wall |
| 1:51 | Build | Palisade Wall |
| 1:57 | Build | Palisade Wall |
| 2:32 | Build | Dock |
| 2:35 | Build | House |
| 2:38 | Build | Palisade Wall |
| 2:56 | Create | Villager (Male) |
| 3:00 | Create | Villager (Male) |
| 3:05 | Create | Villager (Male) |
| 3:05 | Create | Villager (Male) |
| 3:54 | Research | Loom |
| 3:55 | Research | Loom |
| 4:10 | Create | Villager (Male) |
| 4:10 | Create | Villager (Male) |
| 4:45 | Create | Fishing Ship |
| 5:02 | Create | Villager (Male) |
| 5:02 | Create | Villager (Male) |
| 5:13 | Build | House |
| 5:31 | Create | Villager (Male) |
| 5:31 | Create | Villager (Male) |
| 6:05 | Build | Palisade Wall |
| 6:05 | Build | Palisade Wall |
| 6:20 | Build | Palisade Wall |
| 6:26 | Create | Villager (Male) |
| 6:29 | Create | Villager (Male) |
| 6:55 | Create | Villager (Male) |
| 6:55 | Create | Villager (Male) |
| 7:04 | Create | Fishing Ship |
| 7:04 | Create | Fishing Ship |
| 7:23 | Create | Villager (Male) |
| 7:23 | Create | Villager (Male) |
| 7:47 | Create | Fishing Ship |
| 7:51 | Build | House |
| 7:54 | Build | Palisade Wall |
| 8:03 | Create | Villager (Male) |
| 8:22 | Build | House |
| 8:30 | Create | Villager (Male) |
| 8:46 | Create | Villager (Male) |
| 9:19 | Create | Villager (Male) |
| 9:19 | Create | Villager (Male) |
| 9:35 | Build | Mill |
| 9:40 | Create | Villager (Male) |
| 10:01 | Build | House |
| 10:04 | Build | Palisade Wall |
| 10:43 | Build | House |
| 10:45 | Build | House |
| 10:58 | Create | Fishing Ship |
| 11:02 | Create | Villager (Male) |
| 11:25 | Research | Feudal Age |
| 11:25 | Research | Feudal Age |
| 11:26 | Research | Feudal Age |
| 11:44 | Build | Outpost |
| 12:11 | Build | Mining Camp |
| 12:26 | Build | House |
| 12:55 | Build | Outpost |
| 13:16 | Create | Villager (Male) |
| 13:37 | Age | Feudal Age |
| 13:38 | Create | Villager (Male) |
| 13:43 | Build | Market |
| 14:05 | Create | Villager (Male) |
| 14:08 | Build | Blacksmith |
| 14:20 | Create | Villager (Male) |
| 15:22 | Research | Castle Age |
| 15:22 | Research | Castle Age |
| 15:29 | Build | Mining Camp |
| 15:42 | Build | House |
| 17:26 | Research | Stone Mining |
| 17:27 | Research | Stone Mining |
| 18:00 | Create | Villager (Male) |
| 18:00 | Create | Villager (Male) |
| 18:00 | Create | Villager (Male) |
| 18:02 | Age | Castle Age |
| 18:42 | Build | Outpost |
| 18:43 | Create | Villager (Male) |
| 19:12 | Build | Castle |
| 19:40 | Create | Villager (Male) |
| 19:41 | Create | Villager (Male) |
| 19:41 | Create | Villager (Male) |
| 19:57 | Build | Castle |
| 20:16 | Build | Farm |
| 20:38 | Build | Siege Workshop |
| 20:48 | Build | Mill |
| 21:02 | Build | Farm |
| 21:15 | Create | Woad Raider |
| 21:15 | Create | Woad Raider |
| 21:15 | Create | Woad Raider |
| 21:24 | Build | Farm |
| 22:11 | Create | Mangonel |
| 22:11 | Create | Mangonel |
| 22:15 | Create | Villager (Male) |
| 22:15 | Create | Villager (Male) |
| 22:15 | Create | Villager (Male) |
| 22:15 | Create | Villager (Male) |
| 23:04 | Build | Lumber Camp |
| 23:30 | Create | Villager (Male) |
| 23:40 | Create | Villager (Male) |
| 23:59 | Create | Mangonel |
| 24:02 | Create | Woad Raider |
| 24:02 | Create | Woad Raider |
| 24:02 | Create | Woad Raider |
| 24:03 | Create | Woad Raider |
| 24:57 | Create | Villager (Male) |
| 25:38 | Research | Scale Mail Armor |
| 25:38 | Research | Scale Mail Armor |
| 25:38 | Create | Woad Raider |
| 25:39 | Create | Woad Raider |
| 25:39 | Create | Woad Raider |
| 25:39 | Create | Woad Raider |
| 25:51 | Create | Villager (Male) |
| 25:51 | Create | Villager (Male) |
| 25:55 | Build | Farm |
| 25:55 | Build | Farm |
| 25:56 | Build | Farm |
| 25:56 | Build | Farm |
| 25:56 | Build | Farm |
| 25:57 | Build | Farm |
| 25:57 | Build | Farm |
| 25:57 | Build | Farm |
| 25:57 | Build | Farm |
| 26:07 | Build | Farm |
| 26:08 | Build | Farm |
| 26:08 | Build | Farm |
| 26:08 | Build | Farm |
| 26:09 | Build | Farm |
| 26:18 | Create | Villager (Male) |
| 26:20 | Build | Farm |
| 26:42 | Create | Mangonel |
| 27:05 | Create | Villager (Male) |
| 27:05 | Create | Villager (Male) |
| 27:30 | Create | Villager (Male) |
| 27:33 | Create | Battering Ram |
| 27:33 | Create | Battering Ram |
| 27:40 | Create | Villager (Male) |
| 27:44 | Build | House |
| 27:46 | Build | House |
| 27:46 | Build | House |
| 27:47 | Build | House |
| 28:04 | Build | Lumber Camp |
| 28:22 | Research | Double-Bit Axe |
| 28:23 | Research | Double-Bit Axe |
| 29:00 | Create | Villager (Male) |
| 29:03 | Create | Battering Ram |
| 29:03 | Create | Battering Ram |
| 29:03 | Create | Battering Ram |
| 29:06 | Create | Woad Raider |
Build order — Dark Horse
First 150 of 188 actions detected
| 0:08 | Build | Town Center |
| 1:22 | Build | Dock |
| 1:30 | Build | House |
| 2:44 | Create | Villager (Male) |
| 2:44 | Create | Villager (Male) |
| 2:44 | Create | Villager (Male) |
| 2:45 | Create | Villager (Male) |
| 2:45 | Create | Villager (Male) |
| 3:37 | Build | House |
| 3:51 | Research | Loom |
| 4:04 | Create | Villager (Male) |
| 4:05 | Create | Villager (Male) |
| 4:05 | Create | Villager (Male) |
| 4:33 | Create | Fishing Ship |
| 4:35 | Create | Villager (Male) |
| 4:36 | Create | Villager (Male) |
| 5:35 | Create | Fishing Ship |
| 6:01 | Create | Villager (Male) |
| 6:01 | Create | Villager (Male) |
| 6:16 | Create | Fishing Ship |
| 6:30 | Create | Villager (Male) |
| 6:31 | Create | Villager (Male) |
| 7:04 | Create | Villager (Male) |
| 7:04 | Create | Villager (Male) |
| 7:08 | Build | House |
| 7:14 | Create | Villager (Male) |
| 7:14 | Create | Villager (Male) |
| 7:32 | Create | Fishing Ship |
| 7:35 | Create | Villager (Male) |
| 7:35 | Create | Villager (Male) |
| 7:35 | Create | Villager (Male) |
| 8:03 | Build | House |
| 8:05 | Create | Villager (Male) |
| 8:05 | Create | Villager (Male) |
| 8:05 | Create | Villager (Male) |
| 8:05 | Create | Villager (Male) |
| 8:38 | Create | Villager (Male) |
| 8:49 | Create | Villager (Male) |
| 9:39 | Build | House |
| 9:53 | Build | Mill |
| 10:18 | Create | Villager (Male) |
| 10:45 | Create | Villager (Male) |
| 10:54 | Build | Mining Camp |
| 11:10 | Create | Villager (Male) |
| 11:40 | Research | Feudal Age |
| 11:41 | Research | Feudal Age |
| 12:01 | Build | Mining Camp |
| 12:07 | Create | Villager (Male) |
| 12:56 | Create | Villager (Male) |
| 13:08 | Build | Lumber Camp |
| 13:47 | Build | House |
| 13:50 | Age | Feudal Age |
| 13:51 | Research | Double-Bit Axe |
| 13:53 | Create | Villager (Male) |
| 14:15 | Build | Outpost |
| 14:17 | Create | Villager (Male) |
| 14:27 | Build | House |
| 14:29 | Build | Outpost |
| 14:36 | Build | Outpost |
| 14:42 | Create | Villager (Male) |
| 14:45 | Build | Blacksmith |
| 14:50 | Build | Blacksmith |
| 15:13 | Create | Villager (Male) |
| 15:44 | Build | Market |
| 15:58 | Build | Outpost |
| 16:02 | Build | Outpost |
| 16:07 | Build | Palisade Wall |
| 16:08 | Build | Palisade Wall |
| 16:22 | Research | Castle Age |
| 16:22 | Research | Castle Age |
| 16:27 | Build | Palisade Wall |
| 16:27 | Build | Palisade Wall |
| 16:28 | Build | Palisade Wall |
| 16:32 | Build | Palisade Wall |
| 16:33 | Build | Palisade Wall |
| 16:33 | Build | Palisade Wall |
| 16:35 | Build | Palisade Wall |
| 16:45 | Build | Palisade Wall |
| 16:52 | Create | Villager (Male) |
| 17:14 | Create | Unit 2626 |
| 18:09 | Research | Town Watch |
| 19:02 | Age | Castle Age |
| 19:22 | Build | Outpost |
| 19:29 | Build | Castle |
| 19:39 | Build | Outpost |
| 19:44 | Research | Bow Saw |
| 19:44 | Research | Bow Saw |
| 19:52 | Build | Siege Workshop |
| 19:58 | Create | Villager (Male) |
| 20:05 | Create | Villager (Male) |
| 20:10 | Research | Gold Mining |
| 20:22 | Build | Mill |
| 20:33 | Create | Villager (Male) |
| 20:44 | Build | Mining Camp |
| 20:52 | Create | Mangonel |
| 21:17 | Create | Villager (Male) |
| 21:21 | Create | Villager (Male) |
| 21:22 | Create | Villager (Male) |
| 21:30 | Research | Horse Collar |
| 21:51 | Build | Palisade Gate |
| 22:18 | Create | Villager (Male) |
| 22:28 | Create | Organ Gun |
| 22:36 | Create | Villager (Male) |
| 22:54 | Create | Organ Gun |
| 23:30 | Build | Mining Camp |
| 23:31 | Create | Villager (Male) |
| 23:31 | Create | Villager (Male) |
| 23:35 | Create | Organ Gun |
| 23:42 | Build | Farm |
| 23:43 | Build | Farm |
| 23:45 | Build | Farm |
| 23:46 | Build | Farm |
| 24:54 | Create | Mangonel |
| 25:00 | Create | Villager (Male) |
| 25:01 | Create | Villager (Male) |
| 25:06 | Build | Farm |
| 25:07 | Build | Farm |
| 25:08 | Build | Farm |
| 25:18 | Create | Organ Gun |
| 25:51 | Create | Villager (Male) |
| 25:54 | Build | Lumber Camp |
| 26:02 | Create | Villager (Male) |
| 26:48 | Build | Palisade Gate |
| 26:55 | Create | Villager (Male) |
| 27:09 | Build | Lumber Camp |
| 27:36 | Create | Organ Gun |
| 27:38 | Create | Villager (Male) |
| 28:09 | Build | Market |
| 28:42 | Create | Mangonel |
| 29:51 | Build | Lumber Camp |
| 30:17 | Research | Imperial Age |
| 30:18 | Research | Imperial Age |
| 32:39 | Build | Town Center |
| 33:27 | Research | Imperial Age |
| 34:04 | Create | Villager (Male) |
| 34:39 | Build | Mill |
| 35:36 | Build | Town Center |
| 36:37 | Age | Imperial Age |
| 36:52 | Build | Mining Camp |
| 36:53 | Create | Villager (Male) |
| 36:53 | Create | Villager (Male) |
| 37:15 | Create | Villager (Male) |
| 37:15 | Create | Villager (Male) |
| 37:22 | Research | Stone Mining |
| 37:22 | Create | Villager (Male) |
| 37:46 | Create | Villager (Male) |
| 37:49 | Create | Villager (Male) |
| 37:50 | Create | Villager (Male) |
| 37:59 | Create | Villager (Male) |
| 38:21 | Build | Farm |
Build order — Quàng Thượng
First 150 of 309 actions detected
| 0:03 | Build | Town Center |
| 0:57 | Build | Dock |
| 0:59 | Build | House |
| 2:31 | Create | Villager (Male) |
| 2:32 | Create | Villager (Male) |
| 2:32 | Create | Villager (Male) |
| 2:32 | Create | Villager (Male) |
| 3:32 | Create | Fishing Ship |
| 3:49 | Research | Loom |
| 4:13 | Create | Villager (Male) |
| 4:24 | Build | House |
| 4:40 | Create | Villager (Male) |
| 4:41 | Create | Villager (Male) |
| 5:06 | Create | Villager (Male) |
| 5:06 | Create | Villager (Male) |
| 5:17 | Create | Fishing Ship |
| 5:31 | Create | Villager (Male) |
| 5:56 | Create | Villager (Male) |
| 5:57 | Create | Villager (Male) |
| 6:02 | Build | House |
| 6:10 | Create | Fishing Ship |
| 6:11 | Create | Fishing Ship |
| 6:19 | Create | Villager (Male) |
| 6:19 | Create | Villager (Male) |
| 6:37 | Create | Villager (Male) |
| 6:37 | Create | Villager (Male) |
| 7:01 | Create | Fishing Ship |
| 7:08 | Build | House |
| 7:15 | Create | Villager (Male) |
| 7:15 | Create | Villager (Male) |
| 7:47 | Create | Fishing Ship |
| 7:50 | Build | Palisade Wall |
| 7:54 | Create | Villager (Male) |
| 8:05 | Build | House |
| 8:09 | Build | Palisade Wall |
| 8:29 | Create | Villager (Male) |
| 8:34 | Create | Fishing Ship |
| 9:04 | Create | Villager (Male) |
| 9:13 | Create | Villager (Male) |
| 9:15 | Create | Fishing Ship |
| 9:36 | Create | Villager (Male) |
| 9:48 | Build | Mining Camp |
| 10:32 | Research | Feudal Age |
| 10:54 | Build | House |
| 11:45 | Build | Mill |
| 12:07 | Build | Outpost |
| 12:16 | Build | Outpost |
| 12:21 | Create | Villager (Male) |
| 12:21 | Create | Villager (Male) |
| 12:42 | Age | Feudal Age |
| 12:47 | Build | Market |
| 12:50 | Build | Blacksmith |
| 12:53 | Research | Town Watch |
| 12:59 | Build | Mining Camp |
| 13:21 | Build | Palisade Wall |
| 13:23 | Build | Palisade Wall |
| 13:25 | Build | Palisade Wall |
| 13:59 | Research | Castle Age |
| 14:58 | Create | Unit 2626 |
| 14:58 | Create | Unit 2626 |
| 15:10 | Build | Lumber Camp |
| 15:40 | Create | Unit 2626 |
| 15:51 | Create | Villager (Male) |
| 16:39 | Age | Castle Age |
| 16:53 | Build | Castle |
| 16:57 | Build | Palisade Gate |
| 16:58 | Build | Palisade Wall |
| 17:21 | Build | Palisade Wall |
| 17:21 | Create | Villager (Male) |
| 17:22 | Create | Villager (Male) |
| 17:22 | Create | Villager (Male) |
| 17:25 | Build | House |
| 17:55 | Create | Villager (Male) |
| 18:10 | Create | Unit 2626 |
| 18:37 | Create | Villager (Male) |
| 18:40 | Build | House |
| 19:09 | Create | Unit 2626 |
| 19:20 | Create | Villager (Male) |
| 19:32 | Research | Double-Bit Axe |
| 19:41 | Create | Plumed Archer |
| 19:43 | Research | Fletching |
| 20:05 | Create | Villager (Male) |
| 20:09 | Create | Plumed Archer |
| 20:09 | Create | Plumed Archer |
| 20:15 | Create | Villager (Male) |
| 20:20 | Research | Gold Mining |
| 20:37 | Create | Plumed Archer |
| 20:37 | Create | Plumed Archer |
| 21:04 | Create | Villager (Male) |
| 21:05 | Create | Plumed Archer |
| 21:23 | Create | Villager (Male) |
| 21:34 | Build | Town Center |
| 21:39 | Create | Villager (Male) |
| 21:39 | Create | Plumed Archer |
| 21:45 | Create | Plumed Archer |
| 21:55 | Create | Villager (Male) |
| 22:14 | Create | Plumed Archer |
| 22:14 | Create | Plumed Archer |
| 22:25 | Build | Farm |
| 22:25 | Build | Farm |
| 22:26 | Build | Farm |
| 22:37 | Create | Plumed Archer |
| 22:50 | Create | Plumed Archer |
| 22:52 | Build | Farm |
| 22:52 | Build | Farm |
| 22:53 | Build | Farm |
| 23:11 | Create | Villager (Male) |
| 23:12 | Create | Plumed Archer |
| 23:12 | Create | Plumed Archer |
| 23:20 | Build | Farm |
| 23:30 | Create | Plumed Archer |
| 23:36 | Create | Villager (Male) |
| 23:38 | Build | Farm |
| 23:57 | Build | Farm |
| 24:07 | Create | Villager (Male) |
| 24:08 | Build | Farm |
| 24:31 | Create | Villager (Male) |
| 24:32 | Create | Plumed Archer |
| 24:43 | Create | Villager (Male) |
| 24:43 | Create | Plumed Archer |
| 24:46 | Build | Farm |
| 24:56 | Research | Bodkin Arrow |
| 24:56 | Research | Bodkin Arrow |
| 25:01 | Build | Farm |
| 25:10 | Create | Villager (Male) |
| 25:20 | Create | Plumed Archer |
| 25:32 | Create | Villager (Male) |
| 25:33 | Create | Plumed Archer |
| 25:36 | Build | Farm |
| 25:36 | Create | Villager (Male) |
| 25:39 | Build | House |
| 25:40 | Build | House |
| 25:44 | Create | Villager (Male) |
| 26:03 | Research | Bow Saw |
| 26:11 | Build | Farm |
| 26:17 | Create | Villager (Male) |
| 26:21 | Build | House |
| 26:23 | Build | House |
| 26:26 | Create | Plumed Archer |
| 26:31 | Create | Villager (Male) |
| 26:36 | Create | Plumed Archer |
| 26:39 | Create | Villager (Male) |
| 27:02 | Create | Villager (Male) |
| 27:02 | Create | Plumed Archer |
| 27:11 | Create | Plumed Archer |
| 27:13 | Build | House |
| 27:16 | Build | Lumber Camp |
| 27:22 | Create | Villager (Male) |
| 27:23 | Create | Villager (Male) |
| 27:23 | Create | Villager (Male) |
Build order — Alesia
First 150 of 347 actions detected
| 0:04 | Build | Town Center |
| 0:55 | Build | Dock |
| 0:58 | Build | House |
| 2:26 | Create | Villager (Male) |
| 2:26 | Create | Villager (Male) |
| 2:27 | Create | Villager (Male) |
| 2:27 | Create | Villager (Male) |
| 4:00 | Create | Villager (Male) |
| 4:00 | Create | Villager (Male) |
| 4:04 | Create | Fishing Ship |
| 4:04 | Create | Fishing Ship |
| 4:15 | Build | House |
| 4:34 | Research | Loom |
| 4:34 | Research | Loom |
| 4:53 | Create | Villager (Male) |
| 4:53 | Create | Villager (Male) |
| 4:59 | Create | Fishing Ship |
| 4:59 | Create | Fishing Ship |
| 5:19 | Create | Villager (Male) |
| 5:20 | Create | Villager (Male) |
| 5:38 | Create | Villager (Male) |
| 5:38 | Create | Villager (Male) |
| 5:55 | Create | Fishing Ship |
| 5:55 | Create | Fishing Ship |
| 6:00 | Build | House |
| 6:09 | Create | Villager (Male) |
| 6:09 | Create | Villager (Male) |
| 6:28 | Create | Villager (Male) |
| 6:28 | Create | Villager (Male) |
| 6:41 | Create | Fishing Ship |
| 6:41 | Create | Fishing Ship |
| 6:55 | Create | Villager (Male) |
| 7:15 | Create | Villager (Male) |
| 7:16 | Create | Villager (Male) |
| 7:18 | Create | Fishing Ship |
| 7:23 | Build | House |
| 7:43 | Create | Villager (Male) |
| 7:43 | Create | Villager (Male) |
| 7:59 | Create | Fishing Ship |
| 8:13 | Create | Villager (Male) |
| 8:13 | Create | Villager (Male) |
| 8:13 | Create | Villager (Male) |
| 8:34 | Create | Villager (Male) |
| 8:38 | Build | Mining Camp |
| 8:53 | Create | Villager (Male) |
| 8:57 | Build | House |
| 9:22 | Create | Villager (Male) |
| 9:49 | Create | Villager (Male) |
| 9:59 | Build | Dock |
| 10:14 | Research | Feudal Age |
| 10:14 | Research | Feudal Age |
| 10:29 | Build | House |
| 10:53 | Create | Villager (Male) |
| 10:54 | Create | Villager (Male) |
| 10:58 | Build | Mill |
| 11:02 | Build | House |
| 12:09 | Create | Villager (Male) |
| 12:24 | Age | Feudal Age |
| 12:31 | Build | Market |
| 12:45 | Build | Blacksmith |
| 13:35 | Research | Castle Age |
| 13:45 | Build | Lumber Camp |
| 14:06 | Research | Double-Bit Axe |
| 14:33 | Research | Tech 906 |
| 14:33 | Research | Tech 906 |
| 14:56 | Create | Galley |
| 14:56 | Create | Galley |
| 15:11 | Research | Fletching |
| 15:18 | Create | Villager (Male) |
| 15:24 | Create | Villager (Male) |
| 15:42 | Create | Galley |
| 15:42 | Create | Galley |
| 16:19 | Age | Castle Age |
| 16:23 | Research | War Galley (upgrade) |
| 16:44 | Create | Villager (Male) |
| 16:54 | Build | Town Center |
| 16:58 | Research | Bow Saw |
| 16:58 | Research | Bow Saw |
| 17:06 | Create | Villager (Male) |
| 17:29 | Research | Gillnets |
| 17:47 | Create | Fire Galley |
| 18:19 | Research | Wheelbarrow |
| 18:19 | Create | Villager (Male) |
| 18:25 | Create | Villager (Male) |
| 18:45 | Create | Unit 2626 |
| 19:15 | Create | Fire Galley |
| 19:16 | Create | Unit 2626 |
| 19:31 | Create | Villager (Male) |
| 19:31 | Create | Villager (Male) |
| 19:43 | Create | Fire Galley |
| 19:44 | Create | Unit 2626 |
| 19:48 | Build | House |
| 19:50 | Create | Villager (Male) |
| 19:58 | Create | Unit 2626 |
| 19:59 | Create | Fire Galley |
| 20:00 | Create | Villager (Male) |
| 20:13 | Research | Town Watch |
| 20:30 | Build | Dock |
| 20:38 | Create | Unit 2626 |
| 20:38 | Create | Galley |
| 20:43 | Build | House |
| 20:46 | Create | Villager (Male) |
| 20:55 | Build | House |
| 21:09 | Create | Fire Galley |
| 21:10 | Create | Unit 2626 |
| 21:11 | Create | Villager (Male) |
| 21:18 | Create | Villager (Male) |
| 21:31 | Create | Fishing Ship |
| 21:31 | Create | Fishing Ship |
| 21:31 | Create | Fishing Ship |
| 21:34 | Build | House |
| 22:06 | Create | Villager (Male) |
| 22:27 | Create | Galley |
| 22:27 | Create | Galley |
| 22:37 | Create | Villager (Male) |
| 22:39 | Build | House |
| 22:41 | Create | Fishing Ship |
| 22:42 | Create | Fishing Ship |
| 22:42 | Create | Fishing Ship |
| 22:43 | Create | Villager (Male) |
| 22:49 | Research | Horse Collar |
| 22:50 | Create | Villager (Male) |
| 23:02 | Create | Fishing Ship |
| 23:03 | Create | Fishing Ship |
| 23:04 | Create | Villager (Male) |
| 23:11 | Build | Dock |
| 23:30 | Create | Villager (Male) |
| 23:32 | Build | House |
| 23:41 | Create | Fishing Ship |
| 23:44 | Create | Fishing Ship ×5 |
| 23:45 | Create | Villager (Male) |
| 23:56 | Research | Stone Mining |
| 24:06 | Build | House |
| 24:12 | Build | Dock |
| 24:26 | Research | Gold Mining |
| 24:27 | Create | Villager (Male) |
| 24:27 | Create | Villager (Male) |
| 24:43 | Build | House |
| 24:50 | Create | Fishing Ship ×5 |
| 24:54 | Create | Villager (Male) |
| 24:55 | Create | Villager (Male) |
| 24:55 | Create | Villager (Male) |
| 25:02 | Build | Town Center |
| 25:14 | Build | House |
| 25:15 | Build | House |
| 25:23 | Build | Castle |
| 25:47 | Build | House |
| 25:58 | Build | Lumber Camp |
| 26:10 | Build | Mill |
| 26:11 | Build | Farm |
Build order — khungbo
First 150 of 346 actions detected
| 0:22 | Build | Town Center |
| 0:51 | Build | Dock |
| 0:53 | Build | House |
| 2:47 | Create | Villager (Male) |
| 2:47 | Create | Villager (Male) |
| 2:48 | Create | Villager (Male) |
| 2:48 | Create | Villager (Male) |
| 3:50 | Create | Villager (Male) |
| 3:59 | Create | Fishing Ship |
| 4:38 | Create | Villager (Male) |
| 4:49 | Build | House |
| 4:49 | Research | Loom |
| 5:35 | Create | Villager (Male) |
| 5:39 | Create | Fishing Ship |
| 5:49 | Create | Villager (Male) |
| 6:04 | Create | Villager (Male) |
| 6:26 | Create | Fishing Ship |
| 6:59 | Create | Villager (Male) |
| 7:03 | Build | House |
| 7:13 | Create | Fishing Ship |
| 7:16 | Build | House |
| 7:20 | Create | Villager (Male) |
| 7:45 | Create | Villager (Male) |
| 7:47 | Create | Fishing Ship |
| 7:47 | Create | Fishing Ship |
| 7:58 | Create | Villager (Male) |
| 8:30 | Create | Fishing Ship |
| 8:32 | Create | Villager (Male) |
| 9:03 | Build | House |
| 9:07 | Create | Villager (Male) |
| 9:30 | Create | Fishing Ship |
| 9:32 | Create | Villager (Male) |
| 9:39 | Build | Mining Camp |
| 10:03 | Create | Fishing Ship |
| 10:28 | Research | Feudal Age |
| 10:58 | Build | Lumber Camp |
| 11:17 | Create | Villager (Male) |
| 11:54 | Create | Villager (Male) |
| 12:15 | Build | Mill |
| 12:16 | Create | Villager (Male) |
| 12:38 | Age | Feudal Age |
| 12:41 | Create | Villager (Male) |
| 12:43 | Build | Blacksmith |
| 13:20 | Build | Market |
| 13:38 | Build | House |
| 14:27 | Research | Castle Age |
| 14:27 | Research | Castle Age |
| 14:40 | Build | Dock |
| 14:45 | Create | Villager (Male) |
| 14:56 | Research | Double-Bit Axe |
| 14:56 | Research | Double-Bit Axe |
| 15:00 | Create | Unit 2626 |
| 15:24 | Create | Unit 2626 |
| 15:27 | Build | House |
| 15:39 | Create | Villager (Male) |
| 15:45 | Create | Villager (Male) |
| 15:51 | Create | Unit 2626 |
| 15:52 | Build | House |
| 16:16 | Create | Unit 2626 |
| 16:26 | Create | Villager (Male) |
| 16:50 | Create | Fire Galley |
| 16:50 | Create | Fire Galley |
| 17:07 | Age | Castle Age |
| 17:09 | Research | War Galley (upgrade) |
| 17:28 | Create | Villager (Male) |
| 17:41 | Build | Dock |
| 17:53 | Create | Fire Galley |
| 18:08 | Create | Fire Galley |
| 18:14 | Create | Villager (Male) |
| 18:15 | Create | Villager (Male) |
| 18:37 | Create | Villager (Male) |
| 18:42 | Create | Fire Galley |
| 19:03 | Create | Villager (Male) |
| 19:03 | Create | Villager (Male) |
| 19:08 | Create | Fire Galley |
| 19:11 | Create | Fire Galley |
| 19:26 | Create | Villager (Male) |
| 19:44 | Create | Villager (Male) |
| 19:50 | Create | Demolition Raft |
| 19:55 | Create | Unit 2626 |
| 19:55 | Create | Unit 2626 |
| 19:59 | Create | Villager (Male) |
| 20:30 | Build | House |
| 20:33 | Research | Tech 905 |
| 20:33 | Research | Tech 905 |
| 20:57 | Create | Fire Galley |
| 21:09 | Create | Villager (Male) |
| 21:13 | Build | Barracks |
| 21:36 | Create | Villager (Male) |
| 21:36 | Create | Villager (Male) |
| 21:39 | Create | Fire Galley |
| 21:40 | Create | Villager (Male) |
| 21:40 | Create | Villager (Male) |
| 22:09 | Create | Demolition Raft |
| 22:10 | Create | Demolition Raft |
| 22:22 | Create | Villager (Male) |
| 22:23 | Create | Villager (Male) |
| 22:28 | Build | Stable |
| 22:56 | Create | Demolition Raft |
| 23:11 | Create | Villager (Male) |
| 23:12 | Create | Villager (Male) |
| 23:33 | Build | Town Center |
| 23:36 | Create | Steppe Lancer |
| 23:50 | Create | Demolition Raft |
| 23:54 | Create | Villager (Male) |
| 24:03 | Create | Steppe Lancer |
| 24:15 | Create | Villager (Male) |
| 24:22 | Create | Demolition Raft |
| 24:34 | Create | Villager (Male) |
| 24:35 | Create | Villager (Male) |
| 24:37 | Build | Farm |
| 24:39 | Build | Farm |
| 24:45 | Create | Steppe Lancer |
| 24:48 | Create | Villager (Male) |
| 25:06 | Build | House |
| 25:07 | Build | House |
| 25:09 | Create | Steppe Lancer |
| 25:29 | Create | Villager (Male) |
| 25:29 | Create | Villager (Male) |
| 25:32 | Build | Farm |
| 25:36 | Build | Farm |
| 25:37 | Build | Farm |
| 26:01 | Create | Villager (Male) |
| 26:02 | Create | Villager (Male) |
| 26:06 | Build | Lumber Camp |
| 26:18 | Create | Villager (Male) |
| 26:19 | Create | Villager (Male) |
| 26:19 | Create | Villager (Male) |
| 26:29 | Build | Farm |
| 26:31 | Build | Farm |
| 26:46 | Create | Steppe Lancer |
| 26:48 | Create | Villager (Male) |
| 26:48 | Create | Villager (Male) |
| 26:54 | Research | Horse Collar |
| 26:54 | Research | Horse Collar |
| 26:57 | Build | Farm |
| 26:58 | Build | Farm |
| 27:00 | Build | Farm |
| 27:09 | Create | Steppe Lancer |
| 27:26 | Create | Villager (Male) |
| 27:26 | Create | Villager (Male) |
| 27:29 | Build | Farm |
| 27:44 | Create | Villager (Male) |
| 27:45 | Create | Villager (Male) |
| 27:55 | Build | Lumber Camp |
| 28:01 | Build | Farm |
| 28:03 | Build | Farm |
| 28:11 | Create | Steppe Lancer |
| 28:24 | Build | Farm |
| 28:25 | Build | Farm |
Build order — SirBro
First 150 of 270 actions detected
| 0:11 | Build | Town Center |
| 0:48 | Build | House |
| 1:39 | Build | Dock |
| 1:59 | Build | Palisade Wall |
| 2:00 | Build | Palisade Wall |
| 2:30 | Create | Villager (Male) |
| 2:30 | Create | Villager (Male) |
| 2:30 | Create | Villager (Male) |
| 2:31 | Create | Villager (Male) |
| 3:38 | Create | Fishing Ship |
| 3:38 | Create | Fishing Ship |
| 4:13 | Research | Loom |
| 4:20 | Create | Villager (Male) |
| 4:20 | Create | Villager (Male) |
| 4:28 | Create | Fishing Ship |
| 4:28 | Create | Fishing Ship |
| 4:40 | Build | House |
| 5:25 | Create | Fishing Ship |
| 5:25 | Create | Fishing Ship |
| 5:36 | Create | Villager (Male) |
| 5:36 | Create | Villager (Male) |
| 6:03 | Create | Villager (Male) |
| 6:03 | Create | Villager (Male) |
| 6:03 | Create | Villager (Male) |
| 6:11 | Build | House |
| 6:13 | Create | Villager (Male) |
| 6:13 | Create | Villager (Male) |
| 6:40 | Create | Villager (Male) |
| 6:40 | Create | Villager (Male) |
| 6:40 | Create | Villager (Male) |
| 6:42 | Create | Villager (Male) |
| 6:42 | Create | Villager (Male) |
| 6:50 | Create | Villager (Male) |
| 6:51 | Create | Villager (Male) |
| 7:02 | Create | Fishing Ship |
| 7:03 | Create | Fishing Ship |
| 7:17 | Create | Villager (Male) |
| 7:17 | Create | Villager (Male) |
| 7:37 | Create | Fishing Ship |
| 8:15 | Create | Villager (Male) |
| 8:15 | Create | Villager (Male) |
| 8:31 | Build | House |
| 8:34 | Build | Mining Camp |
| 8:38 | Build | House |
| 8:51 | Create | Fishing Ship |
| 9:11 | Create | Villager (Male) |
| 9:15 | Create | Villager (Male) |
| 10:36 | Research | Feudal Age |
| 10:36 | Research | Feudal Age |
| 11:40 | Build | Dock |
| 11:52 | Create | Fishing Ship |
| 12:03 | Create | Villager (Male) |
| 12:03 | Create | Villager (Male) |
| 12:25 | Create | Fishing Ship |
| 12:48 | Age | Feudal Age |
| 12:58 | Build | Dock |
| 13:06 | Build | Blacksmith |
| 13:08 | Create | Villager (Male) |
| 13:08 | Create | Villager (Male) |
| 13:22 | Create | Galley |
| 13:41 | Create | Villager (Male) |
| 13:42 | Create | Villager (Male) |
| 13:44 | Build | House |
| 13:45 | Build | House |
| 13:52 | Create | Villager (Male) |
| 14:02 | Build | Mill |
| 14:08 | Build | House |
| 14:09 | Build | House |
| 14:11 | Create | Villager (Male) |
| 14:35 | Create | Demolition Raft |
| 14:41 | Create | Fishing Ship |
| 14:44 | Create | Galley |
| 14:51 | Create | Demolition Raft |
| 14:56 | Create | Fishing Ship |
| 14:59 | Create | Villager (Male) |
| 15:23 | Create | Demolition Raft |
| 15:26 | Create | Fishing Ship |
| 15:35 | Create | Fishing Ship |
| 15:51 | Build | Lumber Camp |
| 16:20 | Create | Villager (Male) |
| 16:29 | Build | Market |
| 16:33 | Create | Villager (Male) |
| 16:43 | Research | Fletching |
| 17:02 | Create | Villager (Male) |
| 17:09 | Create | Fishing Ship |
| 17:11 | Create | Fishing Ship |
| 17:30 | Create | Galley |
| 17:30 | Create | Galley |
| 17:32 | Create | Galley |
| 17:32 | Create | Galley |
| 18:13 | Research | Castle Age |
| 18:23 | Build | Mining Camp |
| 18:25 | Create | Villager (Male) |
| 18:25 | Create | Villager (Male) |
| 18:28 | Create | Demolition Raft |
| 18:34 | Create | Fishing Ship |
| 18:39 | Create | Fishing Ship |
| 18:44 | Create | Fishing Ship |
| 18:55 | Build | House |
| 18:56 | Build | House |
| 19:13 | Build | House |
| 19:14 | Build | House |
| 19:16 | Build | House |
| 19:18 | Build | House |
| 19:20 | Research | Double-Bit Axe |
| 19:26 | Build | Lumber Camp |
| 20:53 | Age | Castle Age |
| 20:59 | Research | War Galley (upgrade) |
| 21:17 | Build | Town Center |
| 21:19 | Create | Villager (Male) |
| 21:19 | Create | Villager (Male) |
| 21:21 | Research | Bow Saw |
| 21:41 | Create | Villager (Male) |
| 21:42 | Create | Villager (Male) |
| 22:19 | Build | Town Center |
| 22:30 | Create | Villager (Male) |
| 22:33 | Create | Villager (Male) |
| 22:33 | Create | Villager (Male) |
| 22:34 | Create | Villager (Male) |
| 23:34 | Create | Villager (Male) |
| 23:44 | Build | Town Center |
| 23:51 | Build | Town Center |
| 23:53 | Create | Villager (Male) |
| 23:54 | Create | Villager (Male) |
| 23:55 | Create | Villager (Male) |
| 23:55 | Create | Villager (Male) |
| 23:58 | Create | Villager (Male) |
| 23:59 | Create | Villager (Male) |
| 24:00 | Create | Villager (Male) |
| 24:02 | Research | Wheelbarrow |
| 24:03 | Create | Villager (Male) ×5 |
| 24:05 | Research | Town Watch |
| 24:14 | Create | Demolition Raft |
| 24:17 | Create | Fishing Ship |
| 24:58 | Research | Horse Collar |
| 25:24 | Build | Farm |
| 25:25 | Build | Farm |
| 25:25 | Build | Farm |
| 25:25 | Build | Farm |
| 25:25 | Build | Farm |
| 25:28 | Build | Farm |
| 25:29 | Build | Farm |
| 25:36 | Build | Dock |
| 25:45 | Build | Dock |
| 25:48 | Create | Villager (Male) |
| 25:48 | Create | Villager (Male) |
| 25:50 | Create | Villager (Male) |
| 25:50 | Create | Villager (Male) |
| 25:53 | Create | Villager (Male) |
| 25:56 | Create | Fishing Ship |
Match timeline
| 0:33 | KhongPhaiMica · first_building Dock |
| 0:51 | khungbo · first_building Dock |
| 0:55 | Alesia · first_building Dock |
| 0:57 | Quàng Thượng · first_building Dock |
| 1:22 | Dark Horse · first_building Dock |
| 1:34 | onon02122 · first_building Dock |
| 1:39 | SirBro · first_building Dock |
| 1:41 | 81 Nguyễn Ngọc Hà 1997 · wall_segment Palisade Wall x1 |
| 1:42 | 81 Nguyễn Ngọc Hà 1997 · wall_segment Palisade Wall x1 |
| 1:43 | 81 Nguyễn Ngọc Hà 1997 · wall_segment Palisade Wall x1 |
| 1:49 | 81 Nguyễn Ngọc Hà 1997 · wall_segment Palisade Wall x1 |
| 1:50 | 81 Nguyễn Ngọc Hà 1997 · wall_segment Palisade Wall x1 |
| 1:51 | 81 Nguyễn Ngọc Hà 1997 · wall_segment Palisade Wall x1 |
| 1:57 | 81 Nguyễn Ngọc Hà 1997 · wall_segment Palisade Wall x1 |
| 1:59 | SirBro · wall_segment Palisade Wall x1 |
| 2:00 | SirBro · wall_segment Palisade Wall x1 |
| 2:32 | 81 Nguyễn Ngọc Hà 1997 · first_building Dock |
| 2:38 | 81 Nguyễn Ngọc Hà 1997 · wall_segment Palisade Wall x1 |
| 6:05 | 81 Nguyễn Ngọc Hà 1997 · wall_segment Palisade Wall x1 |
| 6:05 | 81 Nguyễn Ngọc Hà 1997 · wall_segment Palisade Wall x1 |
| 6:20 | 81 Nguyễn Ngọc Hà 1997 · wall_segment Palisade Wall x1 |
| 7:50 | Quàng Thượng · wall_segment Palisade Wall x1 |
| 7:54 | 81 Nguyễn Ngọc Hà 1997 · wall_segment Palisade Wall x1 |
| 8:09 | Quàng Thượng · wall_segment Palisade Wall x1 |
| 10:04 | 81 Nguyễn Ngọc Hà 1997 · wall_segment Palisade Wall x9 |
| 11:28 | KhongPhaiMica · wall_segment Palisade Wall x3 |
| 11:29 | KhongPhaiMica · wall_segment Palisade Wall x5 |
| 11:40 | onon02122 · first_building Barracks |
| 11:53 | KhongPhaiMica · wall_segment Palisade Wall x5 |
| 12:24 | Alesia · age_up feudal |
| 12:38 | khungbo · age_up feudal |
| 12:42 | Quàng Thượng · age_up feudal |
| 12:43 | onon02122 · age_up feudal |
| 12:48 | SirBro · age_up feudal |
| 12:49 | KhongPhaiMica · wall_segment Palisade Wall x7 |
| 12:52 | KhongPhaiMica · age_up feudal |
| 13:21 | Quàng Thượng · wall_segment Palisade Wall x1 |
| 13:23 | Quàng Thượng · wall_segment Palisade Wall x1 |
| 13:25 | Quàng Thượng · wall_segment Palisade Wall x1 |
| 13:37 | 81 Nguyễn Ngọc Hà 1997 · age_up feudal |
| 13:50 | Dark Horse · age_up feudal |
| 14:08 | KhongPhaiMica · wall_segment Palisade Wall x2 |
| 14:37 | KhongPhaiMica · first_market_sell 100 wood |
| 14:38 | KhongPhaiMica · first_market_buy 100 food |
| 15:03 | KhongPhaiMica · wall_segment Palisade Wall x1 |
| 15:10 | 81 Nguyễn Ngọc Hà 1997 · first_market_buy 100 food |
| 15:14 | 81 Nguyễn Ngọc Hà 1997 · first_market_sell 100 stone |
| 15:30 | KhongPhaiMica · wall_segment Palisade Wall x1 |
| 15:31 | KhongPhaiMica · wall_segment Palisade Wall x1 |
| 15:33 | KhongPhaiMica · wall_segment Palisade Wall x1 |
| 15:35 | KhongPhaiMica · wall_segment Palisade Wall x1 |
| 16:07 | Dark Horse · wall_segment Palisade Wall x2 |
| 16:08 | Dark Horse · wall_segment Palisade Wall x7 |
| 16:19 | Alesia · age_up castle |
| 16:27 | Dark Horse · wall_segment Palisade Wall x1 |
| 16:27 | Dark Horse · wall_segment Palisade Wall x1 |
| 16:28 | Dark Horse · wall_segment Palisade Wall x1 |
| 16:32 | Dark Horse · wall_segment Palisade Wall x1 |
| 16:33 | Dark Horse · wall_segment Palisade Wall x1 |
| 16:33 | Dark Horse · wall_segment Palisade Wall x1 |
| 16:35 | Dark Horse · wall_segment Palisade Wall x6 |
| 16:39 | Quàng Thượng · age_up castle |
| 16:45 | Dark Horse · wall_segment Palisade Wall x11 |
| 16:53 | Quàng Thượng · first_building Castle |
| 16:58 | Quàng Thượng · wall_segment Palisade Wall x1 |
| 17:07 | khungbo · age_up castle |
| 17:21 | Quàng Thượng · wall_segment Palisade Wall x1 |
| 17:48 | KhongPhaiMica · age_up castle |
| 18:02 | 81 Nguyễn Ngọc Hà 1997 · age_up castle |
| 19:02 | Dark Horse · age_up castle |
| 19:12 | 81 Nguyễn Ngọc Hà 1997 · first_building Castle |
| 19:29 | Dark Horse · first_building Castle |
| 19:40 | Quàng Thượng · first_market_buy 100 wood |
| 19:52 | Dark Horse · first_building Siege Workshop |
| 20:38 | 81 Nguyễn Ngọc Hà 1997 · first_building Siege Workshop |
| 20:53 | SirBro · age_up castle |
| 21:13 | khungbo · first_building Barracks |
| 22:28 | khungbo · first_building Stable |
| 23:55 | Alesia · first_market_buy 100 food |
| 25:23 | Alesia · first_building Castle |
| 26:35 | KhongPhaiMica · first_building Barracks |
| 26:50 | Alesia · first_building Barracks |
| 27:29 | SirBro · first_building Barracks |
| 27:32 | KhongPhaiMica · first_building Monastery |
| 27:34 | Alesia · first_building Stable |
| 27:52 | SirBro · first_market_buy 100 stone |
| 27:57 | SirBro · first_building Castle |
| 28:39 | SirBro · first_building Stable |
| 29:04 | Dark Horse · first_market_buy 100 food |
| 29:06 | Dark Horse · first_market_sell 100 wood |
| 29:10 | KhongPhaiMica · first_building Stable |
| 29:29 | Alesia · first_market_sell 100 wood |
| 30:57 | KhongPhaiMica · first_building Castle |
| 32:12 | KhongPhaiMica · age_up imperial |
| 32:16 | onon02122 · age_up castle |
| 32:48 | khungbo · first_market_buy 100 wood |
| 33:27 | 81 Nguyễn Ngọc Hà 1997 · first_building Barracks |
| 33:37 | KhongPhaiMica · tribute_sent a jugador 1 |
| 33:37 | KhongPhaiMica · tribute_sent a jugador 2 |
| 33:37 | KhongPhaiMica · tribute_sent a jugador 3 |
| 33:37 | KhongPhaiMica · tribute_sent a jugador 4 |
| 33:37 | KhongPhaiMica · tribute_sent a jugador 5 |
| 33:37 | KhongPhaiMica · tribute_sent a jugador 6 |
| 33:37 | KhongPhaiMica · tribute_sent a jugador 7 |
| 33:53 | Quàng Thượng · first_building Barracks |
| 34:18 | SirBro · first_market_sell 500 food |
| 34:45 | khungbo · first_building Monastery |
| 35:03 | Quàng Thượng · first_building Archery Range |
| 36:02 | khungbo · first_building Castle |
| 36:36 | SirBro · tribute_sent a jugador 1 |
| 36:36 | SirBro · tribute_sent a jugador 2 |
| 36:36 | SirBro · tribute_sent a jugador 3 |
| 36:36 | SirBro · tribute_sent a jugador 4 |
| 36:36 | SirBro · tribute_sent a jugador 5 |
| 36:36 | SirBro · tribute_sent a jugador 6 |
| 36:36 | SirBro · tribute_sent a jugador 8 |
| 36:37 | Dark Horse · age_up imperial |
| 36:49 | Quàng Thượng · age_up imperial |
| 36:50 | Quàng Thượng · first_market_sell 100 food |
| 37:19 | KhongPhaiMica · wall_segment Stone Wall x11 |
| 37:32 | SirBro · age_up imperial |
| 38:50 | khungbo · age_up imperial |
| 38:56 | KhongPhaiMica · tribute_sent a jugador 1 |
| 38:56 | KhongPhaiMica · tribute_sent a jugador 2 |
| 38:56 | KhongPhaiMica · tribute_sent a jugador 3 |
| 38:56 | KhongPhaiMica · tribute_sent a jugador 4 |
| 38:56 | KhongPhaiMica · tribute_sent a jugador 5 |
| 38:56 | KhongPhaiMica · tribute_sent a jugador 6 |
| 38:56 | KhongPhaiMica · tribute_sent a jugador 7 |
| 39:51 | Alesia · age_up imperial |
| 42:48 | Dark Horse · resign |
[ AI ANALYSIS · 1 CREDIT ]
What really happened in this match?
Wolo.gg analyzes every decision: build order, eco, micro, common mistakes by bracket. Personalized analysis on WhatsApp or Discord in 30 seconds.
Civ guide
Byzantines
Perfil
Jugador #407583